 Dungeon Sprint DCSS version 0.31-a0-986-g5e6e4ef867 (webtiles) character file.

Game seed: 14823421138034230015

21934 sircluck the Brawler (level 12, -12/140 HPs)
             Began as a Troll Berserker on Nov 1, 2023.
             Was a Priest of Trog.
             Mangled by an eidolon (13 damage)
             ... in the Dungeon (Sprint VII: "The Pits") on Nov 10, 2023.
             The game lasted 00:07:24 (1813 turns).

sircluck the Brawler (Troll Berserker)              Turns: 1813, Time: 00:07:24

Health: -12/140    AC:  4    Str: 34    XL:     12   Next: 58%
Magic:  11/11      EV: 15    Int:  5    God:    Trog [***...]
Gold:   0          SH: 15    Dex:  9    Spells: 11/11 levels left

rFire   . .          .
                       - Unarmed
rCold   . . .        o - +0 tower shield
rNeg    . . .        a - +0 animal skin
rPois   .            (helmet restricted)
rElec   +            (no cloak)
rCorr   .            (gloves unavailable)
SInv    .            (boots unavailable)
Will    .....        (no amulet)
Stlth   +            p - ring "Naron" {Fly rElec Str+2 Int+2 Slay+3}
HPRegen 1.23/turn    m - +3 ring of evasion
MPRegen 0.12/turn

%: no teleportation
@: afraid, flying, slowed, very slow
A: large, unfitting armour, claws 3, regeneration 1, shaggy fur 1, tough skin 1
a: Renounce Religion, Berserk, Trog's Hand


You were in the Dungeon.
You worshipped Trog.
Trog was most pleased with you.
You visited 1 branch

Inventory:

Missiles
 n - 8 large rocks
Armour
 a - a +0 animal skin (worn)
 g - a +0 troll leather armour
 o - a +0 tower shield (worn)
Jewellery
 k - a +3 ring of protection
 m - a +3 ring of evasion (right claw)
 p - the ring "Naron" (left claw) {Fly rElec Str+2 Int+2 Slay+3}
   (You found it in the Dungeon)

   [ring of flight]

   Str+2:     It affects your strength (+2).
   Int+2:     It affects your intelligence (+2).
   Slay+3:    It affects your accuracy & damage with ranged weapons and melee
   (+3).
   rElec:     It insulates you from electricity.
   Fly:       It grants you flight.
Wands
 q - a wand of mindburst (7)
Scrolls
 i - 2 scrolls of vulnerability
 j - a scroll of butterflies
Potions
 b - 6 potions of curing
 c - 6 potions of heal wounds
 d - a potion of haste
 e - 4 potions of magic
 f - 3 potions of berserk rage
 h - 2 potions of invisibility
 l - a potion of mutation


   Skills:
 + Level 14.7 Fighting
 + Level 9.8 Armour
 + Level 14.6 Dodging
 + Level 10.7 Shields
 + Level 17.1 Unarmed Combat


You had 11 spell levels left.
You didn't know any spells.
Your spell library was empty.

Dungeon Overview and Level Annotations

Branches:
Dungeon (1/1)

Altars:
Ashenzari
Cheibriados
Dithmenos
Elyvilon
Fedhas
Gozag
Hepliaklqana
Kikubaaqudgha
Makhleb
Nemelex Xobeh
Okawaru
Qazlal
Ru
Sif Muna
Trog
Uskayaw
Vehumet
Wu Jian
Xom
Yredelemnul
Zin
The Shining One
Jiyva
Lugonu


Innate Abilities, Weirdness & Mutations

You are too large for most types of armour.
You have claws for hands.
Your natural rate of healing is unusually fast.
You are covered in fur. (AC +1)
You have tough skin. (AC +1)


Message History

Unknown command.
Unknown command.
You miss the vampire mosquito.
The vampire mosquito is heavily damaged.
The vampire mosquito bites you!
* * * LOW HITPOINT WARNING * * *
The vampire mosquito draws strength from your injuries!
The vampire mosquito misses you.
Your polar bear bites the vampire mosquito!!
The vampire mosquito is destroyed!
Trog accepts your kill.
Unknown command.
Unknown command.
You feel much better. The eidolon hits you!!
* * * LOW HITPOINT WARNING * * *
The eidolon drains your vigour!
You feel yourself slow down. The eidolon hits you!
* * * LOW HITPOINT WARNING * * *
Your polar bear closely misses the eidolon.
Your polar bear claws the eidolon but does no damage. x2
Unknown command.
Unknown command.
Your polar bear misses the eidolon.
Your polar bear closely misses the eidolon.
Your polar bear claws the eidolon but does no damage.
The eidolon stares piercingly at you. The bolt of negative energy misses you.
Your polar bear bites the eidolon!
Your polar bear claws the eidolon but does no damage.
Your polar bear closely misses the eidolon.
You mangle the eidolon!!
The eidolon is heavily damaged.
Your polar bear bites the eidolon.
Your polar bear claws the eidolon but does no damage.
Your polar bear barely misses the eidolon.
The eidolon hits you!!
* * * LOW HITPOINT WARNING * * *
The eidolon drains your vigour!
You feel as though you will be slow longer.
The eidolon hits you!
You die...

## #. #. +. +. #.
#######################.
#.)..†.@W[...........''.
#....)..h.†..........''.
#..###########†####..##.
#..# #.# #..##. #..#
#.##..##. #..# #.#..###
#..# ##..### #..# #..##.
#..################..##.


You could see an eidolon (scary, ally target) and a friendly polar bear
(summoned, berserk).

Vanquished Creatures
  A profane servitor (D)
  A Brimstone Fiend (D)
  A vampire knight (D)
  Nessos (D)
  A vampire mage (D)
  A demonic crawler (D)
  A deep elf knight (D)
  A deep troll (D)
  A fire crab (D)
  A deep elf pyromancer (D)
  A manticore (D)
  2 cyclopes (D)
  A molten gargoyle (D)
  An ice devil (D)
  2 glass eyes (D)
  Grinder (D)
  4 yaks (D)
  A fire elemental (D)
  A vampire mosquito (D)
  2 redbacks (D)
  A naga (D)
  An orc warrior (D)
  A hell hound (D)
  2 ice beasts (D)
  A bullfrog (D)
  A small abomination (D)
  A scorpion (D)
  A quasit (D)
  An ufetubus (D)
  2 orcs (D)
  A bat zombie (D)
  4 endoplasms (D)
  2 goblins (D)
  2 hobgoblins (D)
  A kobold (D)
  A quokka (D)
  A rat (D)
50 creatures vanquished.

Vanquished Creatures (collateral kills)
  A profane servitor (D)
  A ghost moth (D)
  A dire elephant (D)
  A red draconian (D)
  A hydra (D)
  A great orb of eyes (D)
  A naga warrior (D)
  An iron troll (D)
  A skeletal warrior (D)
  A sixfirhy (D)
  A phantasmal warrior (D)
  A flayed ghost (D)
  An arcanist (D)
  A gargoyle (D)
  An orange demon (D)
  A tyrant leech (D)
  A snapping turtle (D)
  A jumping spider (D)
  A basilisk (D)
  3 vampire mosquitoes (D)
  A naga (D)
23 creatures vanquished.

Grand Total: 73 creatures vanquished

Notes
Turn   | Place    | Note
-------+----------+-------------------------------------------
     0 | D        | sircluck the Troll Berserker began the quest for the Orb.
     0 | D        | Reached XP level 1. HP: 22/22 MP: 0/0
    31 | D        | Found a bloodstained altar of Trog.
    31 | D        | Found a shimmering blue altar of Sif Muna.
    31 | D        | Found a viscous altar of Jiyva.
    31 | D        | Found a hazy altar of Hepliaklqana.
    31 | D        | Found an opulent altar of Gozag.
    32 | D        | Found a glowing golden altar of the Shining One.
    32 | D        | Found a glowing silver altar of Zin.
    32 | D        | Found a basalt altar of Yredelemnul.
    32 | D        | Found a shimmering altar of Xom.
    32 | D        | Found an ornate altar of the Wu Jian Council.
    32 | D        | Found a sacrificial altar of Ru.
    32 | D        | Found a stormy altar of Qazlal.
    32 | D        | Found an iron altar of Okawaru.
    32 | D        | Found a sparkling altar of Nemelex Xobeh.
    32 | D        | Found a burning altar of Makhleb.
    32 | D        | Found a blossoming altar of Fedhas.
    32 | D        | Found a white marble altar of Elyvilon.
    32 | D        | Found a shadowy altar of Dithmenos.
    32 | D        | Found a snail-covered altar of Cheibriados.
    34 | D        | Found a radiant altar of Vehumet.
    34 | D        | Found a corrupted altar of Lugonu.
    35 | D        | Found a hide-covered altar of Uskayaw.
    35 | D        | Found an ancient bone altar of Kikubaaqudgha.
    35 | D        | Found a broken altar of Ashenzari.
    72 | D        | Reached ** piety under Trog
    73 | D        | Reached XP level 2. HP: 31/31 MP: 1/1
    75 | D        | Noticed a glass eye
    87 | D        | Killed a glass eye
    88 | D        | Reached skill level 7 in Unarmed Combat
    88 | D        | Reached XP level 3. HP: 44/44 MP: 2/2
    88 | D        | Reached XP level 4. HP: 52/52 MP: 3/3
    88 | D        | Reached XP level 5. HP: 59/59 MP: 4/4
   117 | D        | Reached *** piety under Trog
   151 | D        | Reached XP level 6. HP: 68/68 MP: 5/5
   197 | D        | Noticed Grinder
   197 | D        | Noticed a glass eye
   210 | D        | Reached **** piety under Trog
   216 | D        | Killed Grinder
   217 | D        | Reached skill level 8 in Unarmed Combat
   221 | D        | Reached skill level 9 in Unarmed Combat
   239 | D        | Killed a glass eye
   240 | D        | Reached XP level 7. HP: 80/80 MP: 6/6
   280 | D        | Reached ***** piety under Trog
   290 | D        | Reached skill level 10 in Unarmed Combat
   345 | D        | Reached XP level 8. HP: 72/92 MP: 7/7
   367 | D        | Noticed a manticore
   579 | D        | Received a gift from Trog
   588 | D        | Killed a manticore
   589 | D        | Reached skill level 11 in Unarmed Combat
   723 | D        | Reached skill level 10 in Fighting
   728 | D        | Noticed a cyclops
   740 | D        | Killed a cyclops
   741 | D        | Reached skill level 10 in Dodging
   741 | D        | Reached skill level 12 in Unarmed Combat
   741 | D        | Reached XP level 9. HP: 55/102 MP: 8/8
   785 | D        | Noticed a naga warrior
   785 | D        | Noticed a tyrant leech
   792 | D        | Killed a tyrant leech
   796 | D        | Killed a naga warrior
   797 | D        | Reached skill level 13 in Unarmed Combat
   848 | D        | Noticed a deep elf pyromancer
   849 | D        | Noticed a fire crab
   869 | D        | Killed a fire crab
   870 | D        | Killed a deep elf pyromancer
   871 | D        | Reached XP level 10. HP: 59/115 MP: 9/9
   924 | D        | Noticed a vampire knight
   926 | D        | Paralysed by a vampire knight for 5 turns
   937 | D        | Killed a vampire knight
   937 | D        | Received a gift from Trog
   954 | D        | Reached ****** piety under Trog
   955 | D        | Reached skill level 14 in Unarmed Combat
  1031 | D        | Noticed a demonic crawler
  1031 | D        | Noticed a cyclops
  1040 | D        | Killed a demonic crawler
  1041 | D        | Reached skill level 5 in Shields
  1050 | D        | Killed a cyclops
  1051 | D        | Reached skill level 5 in Armour
  1312 | D        | Noticed a Brimstone Fiend
  1319 | D        | Killed a Brimstone Fiend
  1320 | D        | Reached XP level 11. HP: 121/124 MP: 10/10
  1457 | D        | Found the +13 scythe of Curses {drain, curses, Drain}
  1457 | D        | Noticed an arcanist
  1457 | D        | Noticed a profane servitor
  1457 | D        | Noticed a sixfirhy
  1457 | D        | Noticed a skeletal warrior
  1457 | D        | Noticed a six-headed hydra
  1458 | D        | Noticed an iron troll
  1460 | D        | Killed a ghost moth
  1460 | D        | Noticed a red draconian
  1461 | D        | Reached skill level 15 in Unarmed Combat
  1465 | D        | Killed a six-headed hydra
  1468 | D        | Killed a profane servitor
  1473 | D        | Killed a red draconian
  1476 | D        | Killed an iron troll
  1478 | D        | Killed an arcanist
  1478 | D        | Received a gift from Trog
  1480 | D        | Killed a skeletal warrior
  1482 | D        | Killed a sixfirhy
  1539 | D        | Got the ring "Naron" {Fly rElec Str+2 Int+2 Slay+3}
  1642 | D        | Upgraded the game from 0.31-a0-981-geadf994542 to
                  | 0.31-a0-986-g5e6e4ef867
  1680 | D        | Noticed a deep troll
  1682 | D        | Noticed a dire elephant
  1684 | D        | Killed a dire elephant
  1685 | D        | Reached skill level 16 in Unarmed Combat
  1689 | D        | Noticed a great orb of eyes
  1689 | D        | Killed a great orb of eyes
  1699 | D        | Reached XP level 12. HP: 137/137 MP: 11/11
  1707 | D        | Noticed a profane servitor
  1729 | D        | Killed a profane servitor
  1735 | D        | Reached skill level 10 in Shields
  1773 | D        | Noticed a vampire mage
  1776 | D        | Noticed Nessos
  1783 | D        | Killed a vampire mage
  1794 | D        | Reached skill level 17 in Unarmed Combat
  1803 | D        | Noticed an eidolon
  1806 | D        | Killed Nessos
  1813 | D        | HP: 1/140 [eidolon (24)]
  1813 | D        | Mangled by an eidolon

Illustrated notes

Levels and vault maps discovered:
D:        pitsprint [storerooms_1, entrance_room_1, metal_vault_4, armoury_2,
          mini_pit_1, grid_room_1, main_hall_1, silver_pit, the_coven_3,
          the_vestibule_1, steel_vault_4, golden_pit, hallway_of_sentries,
          crystal_vault_5, iron_vault_2, final_vault]

Skill      XL: |  1  2  3  4  5  6  7  8  9 10 11 12 |
---------------+-------------------------------------+-----
Fighting       | 3 6 8 9 10 11 12 13 14 | 14.7
Dodging        | 3 6 8 10 11 12 13 14 | 14.6
Unarmed Combat | 7 9 10 12 13 14 16 17 | 17.1
Armour         | 2 5 8 9 |  9.8
Shields        | 3 6 9 10 | 10.7

Action                     |  1- 3 |  4- 6 |  7- 9 | 10-12 || total
---------------------------+-------+-------+-------+-------++-------
  Melee: Unarmed           |    17 |    27 |    75 |    86 ||   205
         Punch             |       |     1 |     2 |       ||     3
 Invoke: Berserk           |       |       |     1 |     4 ||     5
         Brothers in Arms  |       |       |     1 |    13 ||    14
  Evoke: Wand              |       |       |       |     2 ||     2
    Use: Potion            |       |       |       |    12 ||    12
         Scroll            |       |       |       |     1 ||     1
 Armour: Animal skin       |    12 |    11 |    42 |    68 ||   133
  Dodge: Dodged            |     2 |    12 |    41 |    56 ||   111
  Block: Tower shield      |       |       |     2 |    64 ||    66

Table legend: (Time is in decaauts)
 A = Elapsed time spent in this place.
 B = Non-inter-level travel time spent in this place.
 C = Inter-level travel time spent in this place.
 D = Time resting spent in this place.
 E = Time spent auto-exploring this place.
 F = Levels seen in this place.
 G = Mean time per level.
                   A        B        C        D        E       F      G
               +--------+--------+--------+--------+--------+-----+--------+
         Total |   1822 |   1767 |     55 |    814 |     91 |   1 | 1822.0 |
       Dungeon |   1822 |   1767 |     55 |    814 |     91 |   1 | 1822.0 |
               +--------+--------+--------+--------+--------+-----+--------+

Top non-repeatable levels by time:
       D: 1822 daAuts
